 Dungeon Crawl Stone Soup version 0.27-a0-1232-gc6a4cbde82 (webtiles) character file.

Game seed: 10830383695353034100

63 hatdisgam the Covert (level 4, -8/41 HPs)
             Began as a Gnoll Delver on June 8, 2021.
             Mangled by an ice beast (14 damage)
             ... on level 5 of the Dungeon.
             The game lasted 00:01:19 (464 turns).

hatdisgam the Covert (Gnoll Delver)                  Turns: 464, Time: 00:01:19

Health: -8/41      AC:  3    Str: 12    XL:     4   Next: 9%
Magic:  5/5        EV: 13    Int: 10    God:
Gold:   11         SH:  0    Dex: 13    Spells: 5/5 levels left

rFire    . . .     SeeInvis .   a - +0 falchion
rCold    . . .     Faith    .   (no shield)
rNeg     . . .     Spirit   .   b - +0 leather armour
rPois    .         Reflect  .   (no helmet)
rElec    .         Harm     .   (no cloak)
rCorr    .         Rampage  .   (no gloves)
Will     .....                  (no boots)
Stlth    ++++......             (no amulet)
HPRegen  0.13/turn              (no ring)
MPRegen  0.09/turn              (no ring)

@: no status effects
A: fangs 1, strong nose, distributed training
a: no special abilities


You were on level 5 of the Dungeon.
You visited 1 branch of the dungeon, and saw 2 of its levels.

You collected 11 gold pieces.

Inventory:

Hand Weapons
 a - a +0 falchion (weapon)
Armour
 b - a +0 leather armour (worn)
Jewellery
 h - a ring of willpower
Wands
 g - a wand of digging (3)
Scrolls
 c - 2 scrolls of fog
 d - a scroll of magic mapping
 e - a scroll of fear
Potions
 f - a potion of haste


   Skills:
 + Level 6.6 Fighting
 + Level 1.0 Short Blades
 + Level 4.6 Long Blades
 + Level 1.0 Axes
 + Level 1.0 Maces & Flails
 + Level 1.0 Polearms
 + Level 1.0 Staves
 + Level 1.0 Slings
 + Level 1.0 Bows
 + Level 1.0 Crossbows
 + Level 1.0 Throwing
 + Level 1.0 Armour
 + Level 4.6 Dodging
 + Level 9.6 Stealth
 + Level 1.0 Shields
 + Level 1.0 Unarmed Combat
 + Level 1.0 Spellcasting
 + Level 0.8 Conjurations
 + Level 0.8 Hexes
 + Level 0.8 Summonings
 + Level 0.8 Necromancy
 + Level 0.8 Translocations
 + Level 0.8 Transmutations
 + Level 0.8 Fire Magic
 + Level 0.8 Ice Magic
 + Level 0.8 Air Magic
 + Level 0.8 Earth Magic
 + Level 0.8 Poison Magic
 + Level 1.1 Invocations
 + Level 1.0 Evocations


You had 5 spell levels left.
You didn't know any spells.
Your spell library was empty.

Dungeon Overview and Level Annotations

Branches:
Dungeon (6/15)
 Temple: D:4-7

Altars:
Cheibriados


Innate Abilities, Weirdness & Mutations

You have very sharp teeth.
Your uncanny sense of smell can sniff out nearby items.
Your experience applies equally to all skills.


Message History

There is an open door here.
You open the door.
There is an open door here.
The ogre hits you with a +0 giant spiked club!
You open the door.
An ice beast and a skeleton come into view.
The ogre barely misses you.
The centaur skeleton moves out of view.
Found 8 gold pieces.
There is an open door here.
Found a stone staircase leading up.
The ice beast hits you. The ice beast freezes you! The ice beast hits you.
The ice beast freezes you!
* * * LOW HITPOINT WARNING * * *
Found a papyrus book.
You see here a book of Callings.
There is a stone staircase leading up here.
The ice beast closely misses you.
You climb upwards.
The bullfrog skeleton barely misses you.
You riposte.
You hit the bullfrog skeleton but do no damage.
You bite the bullfrog skeleton.
The bullfrog skeleton is lightly damaged.
The bullfrog skeleton hits you but does no damage.
There is a stone staircase leading down here.
The ice beast misses you.
The bullfrog skeleton closely misses you.
The bullfrog skeleton hits you.
* * * LOW HITPOINT WARNING * * *
The gnoll closely misses you. The ice beast closely misses you.
You riposte.
You hit the ice beast but do no damage.
You bite the ice beast, but do no damage.
Found a fizzy purple potion.
Found a scroll labelled DULOTWY OKEEHUCW.
Found a scroll labelled ONYECE UNGI.
A centaur skeleton comes into view.
The ice beast hits you.
* * * LOW HITPOINT WARNING * * *
The ice beast freezes you!
You die...

...# .. ###...
#..# ....#
#..... #.Z.
..... .....
#..## ##....
.... ...#
#...# #...
#?###..# #g.#
#..#..# ##.g#
#@....# #.g##
#.Yg..## #..#
#.##...# ##.>#
#####.g##
#..## #...##
##[.#
##.g.###.g.#
.###...##..##
............#
.?..........##


You could see an ice beast, 3 gnolls and a centaur skeleton (dormant).

Vanquished Creatures
  A bullfrog (D:6)
1 creature vanquished.

Notes
Turn   | Place    | Note
-------+----------+-------------------------------------------
     0 | D:5      | Reached skill level 9 in Stealth
     0 | D:5      | hatdisgam the Gnoll Delver began the quest for the Orb.
     0 | D:5      | Reached XP level 1. HP: 23/23 MP: 1/1
     5 | D:5      | Found a snail-covered altar of Cheibriados.
   165 | D:6      | Noticed a bullfrog
   182 | D:6      | Killed a bullfrog
   183 | D:6      | Reached skill level 1 in Short Blades
   183 | D:6      | Reached skill level 1 in Axes
   183 | D:6      | Reached skill level 1 in Maces & Flails
   183 | D:6      | Reached skill level 1 in Polearms
   183 | D:6      | Reached skill level 1 in Staves
   183 | D:6      | Reached skill level 1 in Slings
   183 | D:6      | Reached skill level 1 in Bows
   183 | D:6      | Reached skill level 1 in Crossbows
   183 | D:6      | Reached skill level 1 in Throwing
   183 | D:6      | Reached skill level 1 in Armour
   183 | D:6      | Reached skill level 1 in Shields
   183 | D:6      | Reached skill level 1 in Unarmed Combat
   183 | D:6      | Reached skill level 1 in Spellcasting
   183 | D:6      | Reached skill level 1 in Invocations
   183 | D:6      | Reached skill level 1 in Evocations
   183 | D:6      | Reached XP level 2. HP: 13/29 MP: 1/3
   183 | D:6      | Reached XP level 3. HP: 16/35 MP: 1/4
   183 | D:6      | Reached XP level 4. HP: 19/41 MP: 1/5
   366 | D:6      | Noticed an ogre
   370 | D:6      | Noticed a water moccasin
   411 | D:6      | Noticed an ice beast
   464 | D:5      | Mangled by an ice beast

Illustrated notes

Levels and vault maps discovered:
D:5:      layout_layer_cave, lemuel_doored_altar, lemuel_coloured_pillars_altar,
          overflow_temple_1_default, minmay_misc_feat_nine_boxes,
          due_unseen_surprise, uniq_blork_the_orc, uniq_menkaure
D:6:      layout_basic, kennysheep_orc_sif_temple,
          minmay_temple_entry_sparse_star, small_statue_intersection

Skill      XL: |  1 |
---------------+----+-----
Stealth        | |  9.6
Short Blades   | 1 |  1.0
Axes           | 1 |  1.0
Maces & Flails | 1 |  1.0
Polearms       | 1 |  1.0
Staves         | 1 |  1.0
Slings         | 1 |  1.0
Bows           | 1 |  1.0
Crossbows      | 1 |  1.0
Throwing       | 1 |  1.0
Armour         | 1 |  1.0
Shields        | 1 |  1.0
Unarmed Combat | 1 |  1.0
Spellcasting   | 1 |  1.0
Invocations    | 1 |  1.1
Evocations     | 1 |  1.0
Fighting       | |  6.6
Long Blades    | |  4.6
Dodging        | |  4.6
Conjurations   | |  0.8
Hexes          | |  0.8
Summonings     | |  0.8
Necromancy     | |  0.8
Translocations | |  0.8
Transmutations | |  0.8
Fire Magic     | |  0.8
Ice Magic      | |  0.8
Air Magic      | |  0.8
Earth Magic    | |  0.8
Poison Magic   | |  0.8

Action                   |  1- 3 |  4- 6 || total
-------------------------+-------+-------++-------
Melee: Falchion          |    11 |       ||    11
       Bite              |     1 |     2 ||     3
Armor: Leather armour    |       |     1 ||     1
Dodge: Dodged            |    12 |     7 ||    19
       Rpst.: Falchion   |     4 |     2 ||     6

Table legend: (Time is in decaauts)
 A = Elapsed time spent in this place.
 B = Non-inter-level travel time spent in this place.
 C = Inter-level travel time spent in this place.
 D = Time resting spent in this place.
 E = Time spent auto-exploring this place.
 F = Levels seen in this place.
 G = Mean time per level.
                   A        B        C        D        E       F      G
               +--------+--------+--------+--------+--------+-----+--------+
         Total |    464 |    464 |      0 |    165 |    160 |   2 |  232.0 |
       Dungeon |    464 |    464 |      0 |    165 |    160 |   2 |  232.0 |
               +--------+--------+--------+--------+--------+-----+--------+

Top non-repeatable levels by time:
     D:6: 420 daAuts
     D:5: 44 daAuts
